 Dungeon Crawl Stone Soup version 0.30-a0-989-g0d87f670db (webtiles) character file.

Game seed: 14688610013477506322

83 mopl the Shooter (level 4, -1/34 HPs)
             Began as a Barachi Hunter on Apr 3, 2023.
             Slain by an orc
             ... wielding a +0 mace of protection
              (4 damage)
             ... on level 3 of the Dungeon.
             The game lasted 00:02:16 (1501 turns).

mopl the Shooter (Barachi Hunter)                   Turns: 1501, Time: 00:02:17

Health: -1/34      AC:  6    Str: 14    XL:     4   Next: 44%
Magic:  4/4        EV: 11    Int:  9    God:
Gold:   122        SH:  0    Dex: 16    Spells: 3/3 levels left

rFire   . . .      SeeInvis .    a - +0 shortbow
rCold   . . .      Faith    .    (shield currently unavailable)
rNeg    . . .      Spirit   .    m - +0 ring mail
rPois   .          Reflect  .    r - +0 helmet
rElec   .          Rampage  .    (no cloak)
rCorr   .                        (no gloves)
Will    .....                    (no boots)
Stlth   +                        (no amulet)
HPRegen 0.25/turn                (no ring)
MPRegen 0.09/turn                (no ring)

@: slow
A: amphibious, slowness 1, strong legs 1, +LOS
a: Hop


You were on level 3 of the Dungeon.
You visited 1 branch of the dungeon, and saw 3 of its levels.

You collected 122 gold pieces.

Inventory:

Hand Weapons
 a - a +0 shortbow (weapon)
Missiles
 j - 6 javelins
 n - 2 boomerangs
Armour
 m - a +0 ring mail (worn)
 r - a +0 helmet (worn)
Wands
 l - a wand of mindburst (20)
Scrolls
 b - a scroll of immolation
 c - 2 scrolls of acquirement {unknown}
 d - a scroll of vulnerability {unknown}
 e - a scroll of magic mapping {unknown}
 f - 2 scrolls of identify {unknown}
 g - a scroll of noise {unknown}
 o - 2 scrolls of enchant weapon {unknown}
 t - a scroll of blinking {unknown}
 u - a scroll of amnesia {unknown}
Potions
 h - a potion of heal wounds {unknown}
 i - a potion of ambrosia {unknown}
 k - a potion of might {unknown}
 p - 2 potions of curing {unknown}
 q - 2 potions of attraction {unknown}
 s - a potion of cancellation {unknown}


   Skills:
 - Level 2.4 Fighting
 + Level 5.8 Ranged Weapons
 - Level 2.1 Dodging
 - Level 0.8 Stealth


You had 3 spell levels left.
You didn't know any spells.
Your spell library contained the following spells:

 Spells                   Type           Power      Damage    Failure   Level
 Call Canine Familiar     Summ           0%         N/A       94%         3
 Gell's Gravitas          Tloc           0%         N/A       94%         3
 Portal Projectile        Hex/Tloc       0%         N/A       94%         3
 Teleport Other           Tloc           0%         N/A       94%         3
 Leda's Liquefaction      Hex/Erth       0%         N/A       100%        4
 Dispersal                Tloc           0%         N/A       100%        6


Dungeon Overview and Level Annotations

Branches:
Dungeon (3/15)

Altars:


Innate Abilities, Weirdness & Mutations

You are amphibious.
You cover ground slowly.
You can hop short distances.
You have an extended range of vision and can be seen from far away.


Message History

You shoot an arrow.
The arrow hits the orc but does no damage.
The orc closely misses you.
You shoot an arrow. The arrow barely misses the orc.
The orc hits you but does no damage.
The orc hits you with a +0 mace of protection.
You shoot an arrow.
The arrow hits the orc but does no damage.
The orc hits you but does no damage.
You shoot an arrow.
The arrow hits the orc but does no damage.
The orc hits you with a +0 mace of protection.
You shoot an arrow. The arrow barely misses the orc.
The orc barely misses you. x2
You shoot an arrow.
The arrow hits the orc but does no damage.
The orc hits you with a +0 mace of protection.
You shoot an arrow.
The arrow hits the orc but does no damage.
The orc hits you with a +0 mace of protection.
* * * LOW HITPOINT WARNING * * *
You shoot an arrow.
The arrow hits the orc but does no damage.
The orc completely misses you. The orc closely misses you.
You shoot an arrow.
The arrow hits the orc but does no damage.
The orc hits you but does no damage.
You shoot an arrow.
The arrow hits the orc but does no damage.
The orc hits you but does no damage.
You shoot an arrow. The arrow hits the orc.
The orc is heavily wounded.
You are ready to hop once more.
The orc hits you with a +0 mace of protection.
* * * LOW HITPOINT WARNING * * *
The orc barely misses you.
You shoot an arrow.
The arrow hits the orc but does no damage.
The orc is heavily wounded.
The orc hits you with a +0 mace of protection.
You die...

..... #.####.#
.#... #......#
.. ##.##.## .
#......#
###..#####
#......#|##
.###.##.##..##
#.........)...#
#####.....@...#
#.....o...#
#.........#
#.........#
#.........#
#.....>...#
#.........#
#.........#
#.......!)#


You could see an orc.

Vanquished Creatures
  An adder (D:3)
  A worm (D:3)
  A dart slug (D:1)
  5 orcs
  6 ball pythons
  5 bats
  6 endoplasms
  A giant cockroach (D:1)
  7 goblins
  5 hobgoblins
  4 kobolds
  2 quokkas
  3 frilled lizards (D:1)
  11 rats
58 creatures vanquished.

Notes
Turn   | Place    | Note
-------+----------+-------------------------------------------
     0 | D:1      | mopl the Barachi Hunter began the quest for the Orb.
     0 | D:1      | Reached XP level 1. HP: 17/17 MP: 1/1
   101 | D:1      | Reached XP level 2. HP: 21/23 MP: 2/2
   343 | D:1      | Reached XP level 3. HP: 12/28 MP: 3/3
   496 | D:1      | Reached skill level 5 in Ranged Weapons
  1178 | D:3      | Reached XP level 4. HP: 34/34 MP: 4/4
  1464 | D:3      | Identified the +7 whip of Hetsiung {heavy, Fragile Int+8}
  1501 | D:3      | Slain by an orc

Illustrated notes

Levels and vault maps discovered:
D:1:      dpeg_arrival_simpleton_c, layout_basic, minmay_misc_feat_five,
          minmay_misc_feat_ornament
D:2:      layout_basic
D:3:      layout_rooms, minmay_misc_feat_alley

Skill      XL: |  1  2  3 |
---------------+----------+-----
Ranged Weapons | 5 |  5.8
Fighting       | |  2.4
Dodging        | |  2.1
Stealth        | |  0.8

Action                     |  1- 3 |  4- 6 || total
---------------------------+-------+-------++-------
   Fire: Shortbow          |   118 |    71 ||   189
Ability: Hop               |       |     1 ||     1
 Armour: Leather armour    |    16 |       ||    16
         Ring mail         |     6 |    11 ||    17
  Dodge: Dodged            |    47 |    20 ||    67

Table legend: (Time is in decaauts)
 A = Elapsed time spent in this place.
 B = Non-inter-level travel time spent in this place.
 C = Inter-level travel time spent in this place.
 D = Time resting spent in this place.
 E = Time spent auto-exploring this place.
 F = Levels seen in this place.
 G = Mean time per level.
                   A        B        C        D        E       F      G
               +--------+--------+--------+--------+--------+-----+--------+
         Total |   1795 |   1755 |     40 |     75 |   1302 |   3 |  598.3 |
       Dungeon |   1795 |   1755 |     40 |     75 |   1302 |   3 |  598.3 |
               +--------+--------+--------+--------+--------+-----+--------+

Top non-repeatable levels by time:
     D:1: 732 daAuts
     D:2: 660 daAuts
     D:3: 401 daAuts
